Map: Orbital Shipyard

Players

LilDicky

  • Race: Terran Terran
  • League: Diamond

Bassa - Winner!

  • Race: Terran Terran

VOD

http://www.twitch.tv/tumescentpie

Description

Time

  • Played on: Dec. 6, 2015, 4:21 p.m.
  • Length: 8:17
Show
View Real Time Build Order
Export as new Build Order

LilDicky Terran 

Build Orders: Mech 

Get SALT Encoding   

  12  0:03  SCV  
  13  0:15  SCV  
  13  0:20  Supply Depot  
  14  0:27  SCV  
  15  0:33  Refinery  
  15  0:41  SCV  
  16  0:45  Barracks  
  16  0:55  SCV  
  17  1:09  SCV  
  18  1:21  SCV  
  19  1:31  Reaper  
  20  1:33  Supply Depot  
  20  1:34  Orbital Command  
  20  2:00  SCV  
  21  2:06  Refinery  
  21  2:07  Marine  
  22  2:08  Command Center  
  22  2:13  SCV  
  23  2:27  Marine  
  24  2:33  Factory  
  24  2:35  SCV  
  25  2:45  Marine  
  25  2:47  SCV  
  27  2:59  SCV  
  28  3:07  Engineering Bay  
  28  3:11  SCV  
  28  3:12  Marine  
  30  3:17  Supply Depot, Factory Tech Lab  
  30  3:18  Starport  
  30  3:21  Orbital Command  
  30  3:23  SCV  
  31  3:30  Marine  
  32  3:35  SCV  
  32  3:47  SCV, Marine, Widow Mine  
  36  3:58  SCV  
  36  4:00  SCV, Missile Turret  
  36  4:01  Banshee, Cloaking Field  
  41  4:07  Supply Depot  
  41  4:12  Marine  
  41  4:13  SCV  
  41  4:14  SCV  
  44  4:17  Factory Tech Lab  
  44  4:25  SCV  
  44  4:28  SCV  
  44  4:30  Marine  
  47  4:36  Siege Tank  
  47  4:38  SCV  
  51  4:40  Refinery  
  51  4:41  Refinery  
  51  4:46  Banshee  
  51  4:48  Marine  
  55  4:54  Command Center  
  55  4:56  SCV x2  
  57  5:06  Marine  
  58  5:08  SCV  
  58  5:09  Siege Tank  
  60  5:24  Marine  
  61  5:33  Factory  
  61  5:34  Supply Depot  
  61  5:35  Banshee  
  64  5:39  Supply Depot  
  64  5:41  Siege Tank  
  67  5:48  SCV  
  65  5:55  Factory  
  65  5:56  SCV  
  66  6:01  SCV  
  67  6:07  Orbital Command  
  67  6:08  SCV  
  68  6:13  SCV, Siege Tank  
  68  6:16  Command Center  
  72  6:20  SCV, Factory Reactor  
  72  6:23  Banshee  
  76  6:25  SCV  
  76  6:31  Marine  
  78  6:33  SCV  
  78  6:38  SCV  
  80  6:41  SCV  
  80  6:42  Refinery x2  
  80  6:45  SCV  
  82  6:50  SCV  
  82  6:53  SCV  
  84  6:54  Factory Reactor  
  84  6:57  SCV  
  85  7:09  SCV  
  85  7:10  SCV x2  
  85  7:22  SCV  
  86  7:24  SCV  
  86  7:25  SCV  
  86  7:27  Siege Tank  
  86  7:28  SCV, Hellion x2  
  93  7:35  Factory  
  93  7:38  Factory  
  93  7:39  Missile Turret  
  93  7:40  Missile Turret  
  93  7:42  Sensor Tower  
Show
View Real Time Build Order
Export as new Build Order

Bassa Terran - Winner!

Build Orders: Reaper Expand, MMM Bio 

Get SALT Encoding   

  12  0:01  SCV  
  13  0:13  SCV  
  14  0:19  Supply Depot  
  14  0:25  SCV  
  15  0:40  SCV  
  15  0:41  Barracks  
  16  0:45  Refinery  
  16  0:52  SCV  
  17  1:04  SCV  
  18  1:17  SCV  
  18  1:29  Orbital Command  
  18  1:30  Reaper  
  19  1:45  Command Center  
  19  1:56  SCV  
  19  1:58  Refinery  
  20  2:02  Marine  
  21  2:09  SCV  
  22  2:16  Factory  
  22  2:21  SCV  
  23  2:24  Marine  
  23  2:38  Supply Depot  
  23  2:56  SCV, Marine  
  25  3:02  Starport, Orbital Command  
  25  3:08  SCV  
  26  3:15  Factory Tech Lab  
  26  3:20  SCV  
  26  3:21  Barracks  
  26  3:23  Barracks Tech Lab  
  27  3:27  SCV  
  28  3:36  Barracks  
  28  3:43  Stimpack  
  28  3:44  Siege Tank  
  31  3:50  Marine  
  31  3:53  Viking  
  31  3:54  SCV  
  35  3:57  SCV  
  36  4:06  SCV  
  36  4:09  SCV  
  38  4:10  Engineering Bay  
  38  4:15  Marine  
  38  4:19  SCV  
  38  4:22  SCV  
  38  4:23  Marine  
  41  4:25  Marine  
  42  4:31  SCV  
  42  4:34  SCV  
  42  4:36  Medivac  
  46  4:38  Barracks Reactor  
  46  4:42  Missile Turret  
  46  4:43  Missile Turret  
  46  4:52  Supply Depot x2  
  46  5:06  Barracks Reactor  
  46  5:13  SCV x2, Marine  
  49  5:19  Marine  
  49  5:20  Marine  
  49  5:21  Siege Tank  
  54  5:22  Starport Reactor  
  54  5:25  Terran Infantry Weapons Level 1, SCV x2, Refinery  
  55  5:29  Supply Depot  
  55  5:30  Supply Depot  
  54  5:46  Marine x3  
  54  5:47  Marine x2  
  59  5:51  SCV x2  
  59  5:53  Combat Shields  
  59  5:55  Siege Tank  
  64  6:03  SCV x2  
  66  6:04  Marine x3  
  66  6:05  Refinery  
  66  6:11  Supply Depot, Marine  
  70  6:12  Marine  
  70  6:15  SCV x2  
  73  6:18  Medivac  
  73  6:21  Medivac  
  77  6:27  SCV  
  79  6:32  SCV  
  79  6:33  Supply Depot  
  79  6:36  Supply Depot  
  79  6:39  Marine x3  
  82  6:45  Siege Tank  
  82  6:46  Marine  
  86  6:54  Marine  
  87  7:14  Marine x2  
  87  7:15  Marine x3  
  92  7:22  Command Center  
  91  7:27  Siege Tank  
  91  7:28  Medivac x2  
  96  7:32  SCV x2, Marine x3  
Tags
 
Add a new tag
Caveats
  • Supply blocks, unpowered buildings, or Contaminate may cause inaccurate times.
  • Supply counts are checked every 10 seconds.